 Dungeon Crawl Stone Soup version 0.32-a0-468-g38b2580584 (webtiles) character file.

Game seed: 14772573823838783452

1463 Goblin1989 the Cutter (level 8, -4/60 HPs)
             Began as a Demonspawn Delver on Feb 24, 2024.
             Was a Priest of Wu Jian.
             Slain by a gnoll sergeant
             ... wielding a +0 spear of freezing
              (6 damage)
             ... on level 6 of the Dungeon.
             The game lasted 00:16:12 (4122 turns).

Goblin1989 the Cutter (Demonspawn Delver)           Turns: 4122, Time: 00:16:13

Health: -4/60      AC:  4    Str:  9 (10) XL:     8   Next: 48%
Magic:  0/8        EV: 10    Int: 11 (14) God:    Wu Jian [***...]
Gold:   256        SH:  8    Dex: 19 (20) Spells: 7/7 levels left

rFire   . . .        a - +0 short sword
rCold   . . .        K - +0 kite shield
rNeg    . . .        m - +0 troll leather armour
rPois   .            G - +0 helmet
rElec   .            (no cloak)
rCorr   .            (gloves unavailable)
SInv    .            (no boots)
Will    .....        z - amulet of guardian spirit
Stlth   +++          o - +4 ring of slaying
HPRegen 1.90/turn    (no ring)
MPRegen 0.11/turn

%: guardian spirit
@: wreathed by umbra
A: icemail 2, condensation shield, demonic touch 3, foul shadow 1, agile 1,
clever 1, regeneration 1
a: Renounce Religion, Wall Jump, Serpent's Lash


You were on level 6 of the Dungeon.
You worshipped Wu Jian.
Wu Jian was most pleased with you.
You visited 2 branches of the dungeon, and saw 7 of its levels.

You collected 256 gold pieces.

Inventory:

Hand Weapons
 a - a +0 short sword (weapon)
 x - a +1 dagger of speed
 A - a +2 dagger of pain
Missiles
 u - 40 stones (quivered)
 C - 5 boomerangs {@Q3}
 J - 12 poisoned darts
 L - a throwing net {!d , @Q1}
Armour
 m - a +0 troll leather armour (worn)
 w - a +2 robe of cold resistance
 G - a +0 helmet (worn)
 K - a +0 kite shield (worn)
Jewellery
 o - a +4 ring of slaying (left hand)
 z - an amulet of guardian spirit (around neck)
 D - a ring of wizardry
Wands
 g - a wand of digging (3) {@v3}
 n - a wand of iceblast (9) {@v5}
Scrolls
 c - 2 scrolls of fog
 e - a scroll of fear
 h - 2 scrolls of blinking {unknown}
 i - 8 scrolls of identify {unknown}
 l - a scroll of vulnerability {unknown}
 q - a scroll of noise {unknown}
 s - a scroll of poison {unknown}
 t - 2 scrolls of enchant armour {unknown}
 v - a scroll of brand weapon {unknown}
 y - 2 scrolls of revelation
 F - a scroll of teleportation {unknown}
Potions
 d - a potion of degeneration
 f - a potion of haste {@q3,}
 p - a potion of invisibility {unknown}
 r - a potion of resistance {unknown}
 B - a potion of heal wounds {unknown}
 E - a potion of attraction {unknown}
 H - a potion of berserk rage


   Skills:
 + Level 4.2 Fighting
 * Level 7.0 Short Blades
 + Level 1.3 Throwing
 + Level 2.4 Armour
 + Level 3.2 Dodging
 + Level 6.7 Stealth
 + Level 0.0 Shields


You had 7 spell levels left.
You didn't know any spells.
Your spell library contained the following spells:

 Spells                   Type           Power      Damage    Failure   Level
 Apportation              Tloc           0%         N/A       97%         1
 Necrotise                Necr           0%         1d4       97%         1
 Sting                    Conj/Alch      0%         1d3       97%         1
 Summon Small Mammal      Summ           0%         N/A       97%         1


Dungeon Overview and Level Annotations

Branches:
Dungeon (6/15) Zot: 26598  Temple (1/1) D:5 Zot: 5975

Altars:
Ashenzari
Cheibriados
Dithmenos
Fedhas
Gozag
Hepliaklqana
Kikubaaqudgha
Makhleb
Nemelex Xobeh
Okawaru
Qazlal
Ru
Sif Muna
Trog
Uskayaw
Vehumet
Wu Jian
Xom

Annotations:
D:2 1 runed translucent door, Crazy Yiuf
D:3 1 runed translucent door, seren's ghost, amateur MDFi
D:5 exclusion: door


Innate Abilities, Weirdness & Mutations

A meltable icy envelope protects you from harm. (AC +0)
A meltable shield of frost defends you. (SH +0)
Your touch may irresistibly damage your foes and sap their willpower.
You are faintly shadowed, very rarely releasing foul flame when damaged in melee.
You are agile. (Dex +4, Str/Int -1)
Your mind is acute. (Int +4, Str/Dex -1)
Your natural rate of healing is unusually fast.


Message History

You barely miss the howler monkey.
The howler monkey hits you but does no damage.
The orc wizard hits you but does no damage.
You spin and attack the orc wizard.
The ogre shouts!
You hit the orc wizard.
The orc wizard is moderately wounded.
You hear a howl!
The orc wizard hits you but does no damage.
The orc wizard points at you and mumbles some strange words.
You are confused.
The howler monkey hits you.
You take 1 damage, and have 59/60 hp.
Health restored: 60 The orc wizard closely misses you.
The orc wizard casts a spell at you. You resist with some effort.
The howler monkey attacks as it pursues you!
The howler monkey barely misses you. The ogre closely misses you.
The orc wizard hits you but does no damage.
The orc wizard casts a spell.
The orc wizard flickers and vanishes!
Deactivating autopickup; reactivate with Ctrl-A.
You're too confused to move!
The orc wizard gestures at you while chanting.
You are more confused.
The orc wizard barely misses you. The howler monkey barely misses you.
The ogre barely misses you.
You hit the orc wizard.
The orc wizard is heavily wounded.
The orc wizard casts a spell at you.
You are more confused.
The howler monkey barely misses you.
You hear some strange, mumbled words.
A puff of flame appears from out of thin air!
The puff of flame hits you but does no damage.
Your icy defences dissipate!
The orc wizard hits you but does no damage.
You miss the orc wizard.
The orc wizard is heavily wounded.
The howler monkey hits you.
The orc wizard hits you but does no damage. x2
Something hits you but does no damage.
The ogre hits you with a +0 giant club!!
You take 32 damage, and have 28/60 hp.
MASSIVE DAMAGE!!
You now have 4/8 mp.
You hit the ogre.
The ogre is lightly wounded.
The howler monkey hits you.
* * * LOW HITPOINT WARNING * * *
The orc wizard hits you but does no damage. x2
Something hits you.
* * * LOW HITPOINT WARNING * * *
You take 7 damage, and have 21/60 hp.
The howler monkey attacks as it pursues you!
The howler monkey closely misses you. The orc wizard closely misses you.
The gnoll sergeant closely misses you. Something hits you.
* * * LOW HITPOINT WARNING * * *
You take 1 damage, and have 20/60 hp.
It was a potion of degeneration.
There was something very wrong with that liquid.
You feel weakened.
You feel dopey.
You feel clumsy.
The howler monkey hits you but does no damage.
The orc wizard barely misses you. The gnoll sergeant closely misses you.
Something hits you.
* * * LOW HITPOINT WARNING * * *
The howler monkey closely misses you.
It was a potion of mutation.
You feel extremely strange.
You feel agile.
You feel clever.
You begin to heal more quickly.
The orc wizard gestures at you while chanting.
You resist with some effort. The gnoll sergeant barely misses you.
An orc priest comes into view. It is wielding a +0 dagger.
The gnoll hits you with a +0 flail!
* * * LOW HITPOINT WARNING * * *
The gnoll is seared by the foul flame within you.
The gnoll is lightly wounded.
Something hits you but does no damage. The gnoll closely misses you.
The howler monkey barely misses you.
You take 6 damage, and have 14/60 hp.
You now have 2/8 mp.
It was a potion of curing.
You feel better.
The orc wizard hits you but does no damage.
The howler monkey closely misses you.
The orc wizard mumbles some strange words.
The orc wizard flickers and vanishes!
You block the gnoll sergeant's attack.
You hear some strange, mumbled words.
You are confused.
The gnoll hits you from afar with a +0 halberd!
* * * LOW HITPOINT WARNING * * *
You take 1 damage, and have 13/60 hp.
It was a potion of cancellation.
Your magical effects are unravelling.
You feel magically purged.
You feel less confused. The howler monkey hits you.
* * * LOW HITPOINT WARNING * * *
You block the orc wizard's attack. Something hits you but does no damage.
The gnoll sergeant hits you from afar with a +0 spear of freezing!
* * * LOW HITPOINT WARNING * * *
The gnoll sergeant freezes you.
You die... ██████████████████

......█ßg.ß█.o....
$..=..∆.@.g∆..ß█
......∆oh{g∆..ß█
.....█.O{)█......


████ █..).█ █████ █....█ █....█ █....█ ██████████∆∆∆∆██████ .....$..............
You could see an ogre, a gnoll sergeant, a howler monkey, an orc priest, an orc
wizard and 2 gnolls.

Vanquished Creatures
  An orc warrior (D:6)
  An ice beast (D:5)
  An ogre (D:6)
  A centaur (D:6)
  2 kobold brigands (D:6)
  A bullfrog (D:6)
  2 gnoll sergeants (D:6)
  A scorpion (D:5)
  2 howler monkeys
  5 hounds
  3 orc priests (D:6)
  A sleepcap (D:6)
  2 iguanas
  4 orc wizards
  6 adders
  5 gnolls
  A white imp (D:6)
  4 ribbon worms
  2 dart slugs
  13 orcs
  8 bats
  2 endoplasms
  6 giant cockroaches
  6 goblins
  8 hobgoblins
  8 jackals
  6 kobolds
  2 quokkas
  3 ball pythons (D:1)
  6 frilled lizards
  10 rats
123 creatures vanquished.

Notes
Turn   | Place    | Note
-------+----------+-------------------------------------------
     0 | D:5      | Goblin1989 the Demonspawn Delver began the quest for the
                  | Orb.
     0 | D:5      | Reached XP level 1. HP: 18/18 MP: 1/1
     9 | D:5      | Found a staircase to the Ecumenical Temple.
    18 | Temple   | Entered the Ecumenical Temple
    30 | Temple   | Became a worshipper of the Wu Jian Council
    64 | D:5      | Noticed a bombardier beetle
   110 | D:5      | Noticed a scorpion
   289 | D:3      | Noticed a black bear
   310 | D:3      | Reached skill level 2 in Short Blades
   365 | D:1      | Gained mutation: Your touch may inflict minor irresistible
                  | damage on your foes. [demonic ancestry]
   365 | D:1      | Reached XP level 2. HP: 15/24 MP: 2/2
   485 | D:1      | Reached * piety under Wu Jian
   488 | D:1      | Reached skill level 5 in Stealth
   514 | D:1      | Gained mutation: Your touch may inflict irresistible damage
                  | on your foes. [demonic ancestry]
   514 | D:1      | Reached XP level 3. HP: 29/29 MP: 3/3
  1109 | D:2      | Reached skill level 3 in Short Blades
  1117 | D:2      | Gained mutation: A meltable shield of frost defends you.
                  | (SH +0) [demonic ancestry]
  1117 | D:2      | Reached XP level 4. HP: 31/35 MP: 4/4
  1417 | D:2      | Found a runed translucent door.
  1418 | D:2      | Noticed Crazy Yiuf
  1731 | D:2      | Reached ** piety under Wu Jian
  1756 | D:3      | Gained mutation: A meltable icy envelope protects you from
                  | harm. (AC +0) [demonic ancestry]
  1756 | D:3      | Reached XP level 5. HP: 41/41 MP: 5/5
  1810 | D:3      | Found a runed translucent door.
  1814 | D:3      | Noticed seren's ghost (amateur MDFi)
  1905 | D:3      | Found a sacrificial altar of Ru.
  2748 | D:4      | Reached skill level 4 in Short Blades
  3197 | D:5      | Found a shimmering blue altar of Sif Muna.
  3355 | D:5      | Gained mutation: You are faintly shadowed, very rarely
                  | releasing foul flame when damaged in melee. [demonic
                  | ancestry]
  3355 | D:5      | Reached XP level 6. HP: 42/47 MP: 6/6
  3395 | D:5      | Noticed an ice beast
  3397 | D:5      | Killed an ice beast
  3398 | D:5      | Reached skill level 5 in Short Blades
  3787 | D:6      | Gained mutation: Your touch may irresistibly damage your
                  | foes and sap their willpower. [demonic ancestry]
  3787 | D:6      | Reached XP level 7. HP: 44/52 MP: 5/7
  3818 | D:6      | Found a sparkling altar of Nemelex Xobeh.
  3832 | D:6      | Reached skill level 6 in Short Blades
  3852 | D:6      | Reached skill level 1 in Armour
  3880 | D:6      | Noticed a cyclops
  3917 | D:6      | Reached *** piety under Wu Jian
  3928 | D:6      | Gained mutation: A meltable icy envelope protects you from
                  | harm. (AC +0) [demonic ancestry]
  3928 | D:6      | Reached XP level 8. HP: 12/60 MP: 1/8
  4045 | D:6      | Reached skill level 1 in Throwing
  4053 | D:6      | Reached skill level 7 in Short Blades
  4120 | D:6      | Gained mutation: You are agile. (Dex +4, Str/Int -1)
                  | [potion of mutation]
  4120 | D:6      | Gained mutation: Your mind is acute. (Int +4, Str/Dex -1)
                  | [potion of mutation]
  4120 | D:6      | Gained mutation: Your natural rate of healing is unusually
                  | fast. [potion of mutation]
  4122 | D:6      | HP: 2/60 [gnoll sergeant/+0 spear of freezing (11)]
  4122 | D:6      | Slain by a gnoll sergeant

Illustrated notes

Levels and vault maps discovered:
D:1:      saegor_arrival_simple_b, layout_rooms, minmay_3d_cube
D:2:      layout_rooms, minmay_misc_feat_four_crosses, uniq_crazy_yiuf_cottage
D:3:      layout_basic, nicolae_overflow_crystal_walls,
          hellmonk_ghost_happy_afterlife
D:4:      layout_basic, gup_sewer_entry_spiral
D:5:      layout_basic, led_sif_book, minmay_temple_entry_wispy
D:6:      lemuel_castle_with_subvaults [lemuel_castle_interior_carwin_2],
          layout_loops_ring, mainiacjoe_overflow_large_starburst,
          gammafunk_ghost_necromancy, chequers_ossuary_entry_cave,
          kennysheep_potato
Temple:   hc_temple_tempest_star

Skill      XL: |  1  2  3  4  5  6  7  8 |
---------------+-------------------------+-----
Short Blades   | 2 3 4 5 6 7 |  7.0
Stealth        | 5 6 |  6.7
Dodging        | 2 3 |  3.2
Armour         | 1 2 |  2.4
Fighting       | 4 |  4.2
Throwing       | 1 |  1.3

Action                     |  1- 3 |  4- 6 |  7- 9 || total
---------------------------+-------+-------+-------++-------
  Melee: Short sword       |   110 |   134 |   115 ||   359
         Touch             |     6 |    19 |    22 ||    47
  Throw: Stone             |       |       |     1 ||     1
Ability: Lunge             |    11 |    22 |    10 ||    43
         Whirlwind         |       |       |    10 ||    10
    Use: Scroll            |     1 |       |       ||     1
         Potion            |       |       |     5 ||     5
   Stab: Sleeping          |     6 |    16 |       ||    22
         Distracted        |       |     1 |       ||     1
 Armour: Troll leather arm |    69 |    38 |    72 ||   179
  Dodge: Dodged            |    76 |    37 |    57 ||   170
  Block: Other             |       |    12 |     5 ||    17
         Kite shield       |       |       |     3 ||     3

Table legend: (Time is in decaauts)
 A = Elapsed time spent in this place.
 B = Non-inter-level travel time spent in this place.
 C = Inter-level travel time spent in this place.
 D = Time resting spent in this place.
 E = Time spent auto-exploring this place.
 F = Levels seen in this place.
 G = Mean time per level.
                   A        B        C        D        E       F      G
               +--------+--------+--------+--------+--------+-----+--------+
         Total |   4105 |   3770 |    335 |     66 |   2446 |   7 |  586.4 |
       Dungeon |   4080 |   3756 |    324 |     66 |   2446 |   6 |  680.0 |
        Temple |     24 |     13 |     11 |      0 |      0 |   1 |   24.0 |
               +--------+--------+--------+--------+--------+-----+--------+

Top non-repeatable levels by time:
     D:4: 921 daAuts
     D:1: 727 daAuts
     D:3: 722 daAuts
     D:5: 688 daAuts
     D:2: 621 daAuts
     D:6: 400 daAuts
  Temple: 24 daAuts
